 Dungeon Sprint DCSS version 0.30-a0-34-gbe8da3892a (webtiles) character file.

Game seed: 16661156317709486716

1241 mhtbhm the Thaumaturge (level 8, -1/43 HPs)
             Began as a Deep Elf Fire Elementalist on Aug 27, 2022.
             Was a Believer of Vehumet.
             Slain by Snorg (13 damage)
             ... in the Dungeon (Sprint III: "The Ten Rune Challenge").
             The game lasted 00:04:17 (1152 turns).

mhtbhm the Thaumaturge (Deep Elf Fire Elementalist) Turns: 1152, Time: 00:04:17

Health: -1/43      AC:  4    Str:  5    XL:     8   Next: 25%
Magic:  14/28      EV: 14    Int: 23    God:    Vehumet [**....]
Gold:   33         SH:  0    Dex: 15    Spells: 23/36 levels left

rFire   . . .      SeeInvis .    (no weapon)
rCold   . . .      Faith    .    (no shield)
rNeg    . . .      Spirit   .    a - +0 robe
rPois   .          Reflect  .    (no helmet)
rElec   .          Harm     .    e - +1 cloak
rCorr   .          Rampage  .    (no gloves)
Will    .....      NoTele   +    (no boots)
Stlth   +++.......               (no amulet)
HPRegen 0.14/turn                (no ring)
MPRegen 0.21/turn                (no ring)

@: no status effects
A: passive freeze, wild magic 1, sturdy frame 1
a: Renounce Religion


You were in the Dungeon.
You worshipped Vehumet.
Vehumet was pleased with you.
You visited 1 branch You collected 33 gold pieces.

Inventory:

Armour
 a - a +0 robe (worn)
 e - a +1 cloak (worn)
Scrolls
 h - a scroll of enchant armour
 i - 2 scrolls of immolation {unknown}
 k - a scroll of identify {unknown}
Potions
 b - 3 potions of magic
 c - 2 potions of curing
 d - 2 potions of heal wounds
 f - a potion of berserk rage
 j - a potion of flight {unknown}
 l - 4 potions of mutation
Miscellaneous
 g - a box of beasts


   Skills:
 + Level 1.1 Fighting
 + Level 5.1 Dodging
 + Level 6.1 Stealth
 + Level 14.9 Spellcasting
 + Level 6.1 Conjurations
 + Level 13.1 Fire Magic


You had 23 spell levels left.
You knew the following spells:

 Your Spells              Type           Power      Damage    Failure   Level
a - Foxfire               Conj/Fire      100%       2x1d9     1%          1
b - Scorch                Fire           100%       2d10      1%          2
c - Conjure Flame         Conj/Fire      68%        6-21      1%          3
d - Inner Flame           Hex/Fire       57%        N/A       1%          3
e - Flame Wave            Conj/Fire      68%        2d15      1%          4

Your spell library contained the following spells:

 Spells                   Type           Power      Damage    Failure   Level
 Static Discharge         Conj/Air       80%        3-8/arc   3%          2
 Frozen Ramparts          Ice            44%        1d7       16%         3
 Ice Form                 Ice/Tmut       22%        N/A       43%         4
 Summon Ice Beast         Ice/Summ       22%        N/A       43%         4


Dungeon Overview and Level Annotations

Branches:
Dungeon (1/1)

Altars:
Cheibriados
Dithmenos
Elyvilon
Fedhas
Gozag
Hepliaklqana
Kikubaaqudgha
Makhleb
Nemelex Xobeh
Okawaru
Qazlal
Ru
Sif Muna
Trog
Uskayaw
Vehumet
Wu Jian
Xom
Yredelemnul
Zin
The Shining One
Jiyva
Lugonu

Annotations:
D Snorg


Innate Abilities, Weirdness & Mutations

A frigid envelope surrounds you and freezes all who hurt you.
Your spells are a little harder to cast, but a little more powerful.
Your movements are slightly less encumbered by armour. (ER -2)


Message History

Snorg is moderately wounded.
Snorg closely misses you. Snorg completely misses you. Snorg misses you.
Casting: Scorch (safe; 1% risk of failure)
Confirm with . or Enter, or press ? or * to list all spells.
Casting: Flame Wave (dangerous; 1% risk of failure)
Press: ? - help, Dir - look around, f - activate A wave of flame ripples out!
The flame wave engulfs Snorg!!
Snorg is burned terribly!
Snorg is heavily wounded. (Press . to intensify the flame waves.) Snorg closely misses you.
Snorg barely misses you. Snorg closely misses you.
A wave of flame ripples out!
The flame wave engulfs Snorg!!
Snorg is burned terribly!
Snorg is severely wounded.
Snorg barely misses you. Snorg claws you!
Snorg is very cold.
Snorg is severely wounded.
Snorg barely misses you. Snorg bites you but does no damage.
Snorg is very cold.
Snorg is severely wounded.
Snorg claws you!
* * * LOW HITPOINT WARNING * * *
Snorg is very cold.
Snorg is severely wounded.
Snorg misses you.
A wave of flame ripples out!
The flame wave engulfs Snorg.
Snorg is burned terribly!
Snorg is severely wounded.
You finish channelling waves of flame.
Snorg completely misses you. Snorg barely misses you. Snorg misses you.
Unknown command.
Casting: Flame Wave (dangerous; 1% risk of failure)
Confirm with . or Enter, or press ? or * to list all spells.
Casting: Flame Wave (dangerous; 1% risk of failure)
Press: ? - help, Dir - look around, f - activate A wave of flame ripples out!
The flame wave engulfs Snorg!
Snorg is burned terribly!
Snorg is almost dead. (Press . to intensify the flame waves.) Snorg bites you!
You die...

..#..#.).#__)#._#
..#..###'#÷###)##
#'#..#..........#
##...'.⌠........#
##...#...######'#
#....#.⌠.#__#...#+#####
.....#...#__#...#..§§§+
.....#'###__#...#T#§§§#
.....#.).#__#...@.#§§§#
#....#___#__'...#.#...#
▓▓▓▓▓▓▓▓▓▓▓▓▓▓▓▓▓▓▓▓▓▓▓


You could see Snorg (berserk, combustible).

Vanquished Creatures
  A deep elf pyromancer (D)
  A shadow (D)
  A spatial vortex (D)
  A necrophage (D)
  A water elemental (D)
  Crazy Yiuf (D)
  A jelly (D)
  A wizard (D)
  A necromancer (D)
  3 humans (D)
  A kobold demonologist (D)
  4 rats (D)
17 creatures vanquished.

Vanquished Creatures (others)
  25 foxfires (D)
  2 plants (D)
27 creatures vanquished.

Grand Total: 44 creatures vanquished

Notes
Turn   | Place    | Note
-------+----------+-------------------------------------------
     0 | D        | mhtbhm the Deep Elf Fire Elementalist began the quest for
                  | the Orb.
     0 | D        | Reached XP level 1. HP: 10/10 MP: 6/6
   149 | D        | Noticed Crazy Yiuf
   164 | D        | Killed Crazy Yiuf
   165 | D        | Reached skill level 4 in Spellcasting
   165 | D        | Reached skill level 5 in Fire Magic
   165 | D        | Reached XP level 2. HP: 15/15 MP: 0/9
   165 | D        | Reached XP level 3. HP: 19/19 MP: 0/11
   180 | D        | Learned a level 2 spell: Scorch
   242 | D        | Reached skill level 5 in Spellcasting
   351 | D        | Learned a level 3 spell: Conjure Flame
   355 | D        | Learned a level 3 spell: Inner Flame
   363 | D        | Gained mutation: Your movements are slightly less
                  | encumbered by armour. (ER -2) [potion of mutation]
   363 | D        | Gained mutation: You have hidden genetic potential. [potion
                  | of mutation]
   369 | D        | Noticed a water elemental
   372 | D        | Killed a water elemental
   373 | D        | Reached skill level 6 in Spellcasting
   373 | D        | Reached XP level 4. HP: 24/24 MP: 5/14
   397 | D        | Gained mutation: Your spells are a little harder to cast,
                  | but a little more powerful. [hidden potential]
   447 | D        | Found a shadowy altar of Dithmenos.
   447 | D        | Noticed a necrophage
   452 | D        | Reached skill level 7 in Spellcasting
   453 | D        | Killed a necrophage
   454 | D        | Reached skill level 8 in Spellcasting
   454 | D        | Reached XP level 5. HP: 26/28 MP: 4/18
   454 | D        | Found a basalt altar of Yredelemnul.
   454 | D        | Found a sacrificial altar of Ru.
   456 | D        | Gained mutation: A frigid envelope surrounds you and
                  | freezes all who hurt you. [hidden potential]
   456 | D        | Lost mutation: You have hidden genetic potential. [hidden
                  | potential expressed]
   540 | D        | Found a radiant altar of Vehumet.
   540 | D        | Found a shimmering blue altar of Sif Muna.
   540 | D        | Found an ancient bone altar of Kikubaaqudgha.
   542 | D        | Reached skill level 9 in Spellcasting
   549 | D        | Became a worshipper of Vehumet
   555 | D        | Learned a level 4 spell: Flame Wave
   565 | D        | Found a hide-covered altar of Uskayaw.
   565 | D        | Found an iron altar of Okawaru.
   565 | D        | Found a bloodstained altar of Trog.
   565 | D        | Found an ornate altar of the Wu Jian Council.
   565 | D        | Noticed a human
   565 | D        | Noticed a human
   570 | D        | Killed a human
   571 | D        | Reached skill level 5 in Stealth
   571 | D        | Reached skill level 10 in Spellcasting
   571 | D        | Reached skill level 10 in Fire Magic
   571 | D        | Reached XP level 6. HP: 33/33 MP: 8/21
   571 | D        | Killed a human
   572 | D        | Reached skill level 5 in Dodging
   572 | D        | Reached skill level 11 in Spellcasting
   572 | D        | Reached skill level 5 in Conjurations
   572 | D        | Reached XP level 7. HP: 37/37 MP: 7/24
   662 | D        | Found a glowing silver altar of Zin.
   662 | D        | Found a glowing golden altar of the Shining One.
   662 | D        | Found a white marble altar of Elyvilon.
   662 | D        | Noticed a deep elf pyromancer
   665 | D        | Noticed a fire elemental
   665 | D        | Killed a deep elf pyromancer
   665 | D        | Reached * piety under Vehumet
   665 | D        | Offered knowledge of Freeze by Vehumet.
   666 | D        | Reached skill level 1 in Fighting
   666 | D        | Reached skill level 14 in Spellcasting
   716 | D        | Noticed a shadow
   725 | D        | Killed a shadow
   726 | D        | Reached XP level 8. HP: 17/43 MP: 23/28
   906 | D        | Found a blossoming altar of Fedhas.
   906 | D        | Found a stormy altar of Qazlal.
   906 | D        | Found a snail-covered altar of Cheibriados.
   906 | D        | Found a burning altar of Makhleb.
   906 | D        | Found a shimmering altar of Xom.
   907 | D        | Found a hazy altar of Hepliaklqana.
   907 | D        | Found an opulent altar of Gozag.
   907 | D        | Found a sparkling altar of Nemelex Xobeh.
   907 | D        | Found a corrupted altar of Lugonu.
   907 | D        | Found a viscous altar of Jiyva.
  1055 | D        | Reached ** piety under Vehumet
  1055 | D        | Offered knowledge of Static Discharge by Vehumet.
  1139 | D        | Noticed Snorg
  1152 | D        | Slain by Snorg

Illustrated notes

Levels and vault maps discovered:
D:        dungeon_sprint_mu [sprint_mu_entry_cave, sprint_mu_temple_rooms,
          sprint_mu_d1_horrors, sprint_mu_d2_genie, sprint_mu_d3_branching,
          sprint_mu_orc_legion, sprint_mu_elf_gauntlet, sprint_mu_hive_nellie,
          sprint_mu_lair_fedhas, sprint_mu_vaults_butterflies,
          sprint_mu_slime_circle, sprint_mu_swamp_cave, sprint_mu_shoals_archi,
          sprint_mu_blade_basic, sprint_mu_crypt_fortress,
          sprint_mu_tomb_spiral, sprint_mu_vestibule_basic,
          sprint_mu_gehenna_hellfire, sprint_mu_dis_giant,
          sprint_mu_tartarus_statrot, sprint_mu_cocytus_islands, sprint_mu_zot1]

Skill      XL: |  1  2  3  4  5  6  7  8 |
---------------+-------------------------+-----
Fire Magic     | 5 7 8 10 11 12 13 | 13.1
Dodging        | 3 4 5 |  5.1
Stealth        | 3 4 5 6 |  6.1
Spellcasting   | 4 6 8 10 11 14 | 14.9
Conjurations   | 2 3 4 5 6 |  6.1
Fighting       | 1 |  1.1

Action                   |  1- 3 |  4- 6 |  7- 9 || total
-------------------------+-------+-------+-------++-------
 Cast: Foxfire           |    17 |       |     2 ||    19
       Scorch            |     6 |    10 |    10 ||    26
       Flame Wave        |       |     1 |     5 ||     6
  Use: Potion            |     2 |     1 |       ||     3
       Scroll            |       |       |     2 ||     2
Armor: Robe              |     2 |       |     1 ||     3
Dodge: Dodged            |     5 |     3 |    14 ||    22

Table legend: (Time is in decaauts)
 A = Elapsed time spent in this place.
 B = Non-inter-level travel time spent in this place.
 C = Inter-level travel time spent in this place.
 D = Time resting spent in this place.
 E = Time spent auto-exploring this place.
 F = Levels seen in this place.
 G = Mean time per level.
                   A        B        C        D        E       F      G
               +--------+--------+--------+--------+--------+-----+--------+
         Total |   1138 |   1138 |      0 |    722 |    115 |   1 | 1138.0 |
       Dungeon |   1138 |   1138 |      0 |    722 |    115 |   1 | 1138.0 |
               +--------+--------+--------+--------+--------+-----+--------+

Top non-repeatable levels by time:
       D: 1138 daAuts
